 Dungeon Crawl Stone Soup version 0.30-a0-4-ga7cffc901d (webtiles) character file.

Game seed: 16113352831961047389

468210 jfcaron the Hand of Fortune (level 23, 0/254 HPs)
             Began as a Demonspawn Monk on Aug 20, 2022.
             Was the Champion of Nemelex Xobeh.
             Killed by divine providence
             ... invoked by a living spell
             ... summoned by a walking divine tome
              (14 damage)
             ... on level 3 of the Depths on Aug 21, 2022.
             The game lasted 04:27:12 (66477 turns).

jfcaron the Hand of Fortune (Demonspawn Monk)      Turns: 66477, Time: 04:27:13

Health: 0/254      AC: 21    Str: 31    XL:     23   Next: 49%
Magic:  48/48      EV: 18    Int: 11    God:    Nemelex Xobeh [******]
Gold:   4316       SH: 29    Dex: 16    Spells: 22/22 levels left

rFire   + + .      SeeInvis .    J - +5 morningstar (elec)
rCold   + . .      Faith    .    P - +10 tower shield of Ignorance {rN+ Int-4}
rNeg    + . .      Spirit   .    W - +1 chain mail of the Heavens {Drain Will+ Str+5}
rPois   .          Reflect  .    n - +2 hat
rElec   +          Harm     .    (cloak unavailable)
rCorr   .          Rampage  +    (gloves unavailable)
Will    ++...                    z - +2 pair of boots {rampage}
Stlth   ..........               h - amulet "Esmidgh" {rElec rC+ Regen+ MP+9 Int+3}
HPRegen 2.32/turn                U - ring "Goquvoos" {rF++ EV+4 Str+4}
MPRegen 0.31/turn                R - +4 ring of slaying

@: mighty, studying Summonings
A: antennae 2, claws 3, powered by death 1, powered by pain 3, robust 3,
weakness stinger 3
}: 2/15 runes: barnacled, gossamer
a: Renounce Religion, Draw Escape, Draw Destruction, Draw Summoning, Triple
Draw, Deal Four, Stack Five


You were on level 3 of the Depths.
You worshipped Nemelex Xobeh.
Nemelex Xobeh was exalted by your worship.
You visited 9 branches of the dungeon, and saw 43 of its levels.
You visited the Abyss 1 time.
You also visited: Ice Cave and Wizlab.

You collected 7514 gold pieces.
You spent 3198 gold pieces at shops.

Inventory:

Hand Weapons
 J - a +5 morningstar of electrocution (weapon)
Missiles
 g - 7 curare-tipped darts {!f}
 j - 6 silver boomerangs
 r - 3 boomerangs of dispersal {!f}
 v - 12 javelins
 B - 8 throwing nets {!f}
 Q - a silver javelin {!f}
Armour
 n - a +2 hat (worn)
 z - a +2 pair of boots of rampaging (worn)
 P - the +10 tower shield of Ignorance (worn) {rN+ Int-4}
   (You found it on level 7 of the Dungeon)

   Int:       It affects your intelligence (-4).
   rN:        It protects you from negative energy.
 W - the +1 chain mail of the Heavens (worn) {Drain Will+ Str+5}
   (You bought it in a shop on level 4 of the Vaults)

   Str:       It affects your strength (+5).
   Drain:     It drains your maximum health when unequipped.
   Will:      It increases your willpower.
Jewellery
 h - the amulet "Esmidgh" (around neck) {rElec rC+ Regen+ MP+9 Int+3}
   (You found it on level 3 of the Crypt)

   [amulet of regeneration]

   Int:       It affects your intelligence (+3).
   rC:        It protects you from cold.
   rElec:     It insulates you from electricity.
   MP:        It affects your magic capacity (+9).
   Regen:     It increases your rate of health regeneration.
 E - a +4 ring of protection
 G - the ring "Fuonumy" {rCorr Dex+2 SInv}
   (You found it on level 2 of the Depths)

   [ring of see invisible]

   Dex:       It affects your dexterity (+2).
   SInv:      It lets you see invisible.
   rCorr:     It protects you from acid and corrosion.
 R - a +4 ring of slaying (right claw)
 U - the ring "Goquvoos" (left claw) {rF++ EV+4 Str+4}
   (You took it off a deep elf death mage on level 3 of the Elven Halls)

   [ring of evasion]

   EV:        It affects your evasion (+4).
   Str:       It affects your strength (+4).
   rF:        It greatly protects you from fire.
Wands
 y - a wand of mindburst (41)
 D - a wand of digging (27)
 I - a wand of light (6)
 S - a wand of charming (6)
Scrolls
 l - 10 scrolls of vulnerability
 q - 7 scrolls of butterflies
 s - 8 scrolls of fear
 t - 5 scrolls of blinking
 u - 6 scrolls of poison
 A - 3 scrolls of magic mapping
 H - 18 scrolls of teleportation
 K - 4 scrolls of torment
 X - 2 scrolls of silence
 Y - a scroll of summoning
 Z - 10 scrolls of immolation
Potions
 a - 8 potions of flight
 b - 3 potions of berserk rage
 e - 2 potions of resistance
 f - 21 potions of curing
 i - 7 potions of heal wounds
 k - 7 potions of cancellation
 m - 7 potions of magic
 o - 8 potions of ambrosia
 x - 6 potions of attraction
 C - 3 potions of invisibility
 L - 5 potions of might
 M - 5 potions of haste
 O - 10 potions of lignification
Miscellaneous
 c - a condenser vane
 w - a box of beasts (inert)
 F - a tin of tremorstones (1/2)
 T - a phial of floods


   Skills:
 * Level 20.1 Fighting
 - Level 16.0 Maces & Flails
 * Level 19.0 Armour
 + Level 12.9 Dodging
 - Level 1.7 Stealth
 - Level 15.0 Shields
 * Level 25.8 Invocations
 + Level 3.7 Evocations


You had 22 spell levels left.
You didn't know any spells.
Your spell library contained the following spells:

 Spells                   Type           Power      Damage    Failure   Level
 Apportation              Tloc           0%         N/A       98%         1
 Beastly Appendage        Tmut           0%         N/A       98%         1
 Magic Dart               Conj           0%         1d3       98%         1
 Sandblast                Erth           0%         2d4       98%         1
 Sting                    Tmut/Pois      0%         1d3       98%         1
 Passwall                 Tmut/Erth      0%         N/A       99%         2
 Poisonous Vapours        Pois/Air       0%         N/A       99%         2
 Scorch                   Fire           0%         2d5       99%         2
 Searing Ray              Conj           0%         2d4       99%         2
 Static Discharge         Conj/Air       0%         3-3/arc   99%         2
 Sublimation of Blood     Necr           0%         N/A       99%         2
 Wereblood                Tmut           0%         N/A       99%         2
 Frozen Ramparts          Ice            0%         1d1       100%        3
 Gell's Gravitas          Tloc           0%         N/A       100%        3
 Ignite Poison            Fire/Tmut/Pois 0%         N/A       100%        3
 Lesser Beckoning         Tloc           0%         N/A       100%        3
 Mephitic Cloud           Conj/Pois/Air  0%         N/A       100%        3
 Ozocubu's Armour         Ice            0%         N/A       100%        3
 Portal Projectile        Hex/Tloc       0%         N/A       100%        3
 Stone Arrow              Conj/Erth      0%         3d7       100%        3
 Summon Guardian Golem    Hex/Summ       0%         N/A       100%        3
 Teleport Other           Tloc           0%         N/A       100%        3
 Airstrike                Air            0%         2d(0-16)  100%        4
 Animate Armour           Summ/Erth      0%         N/A       100%        4
 Dispel Undead            Necr           0%         3d6       100%        4
 Flame Wave               Conj/Fire      0%         2d4       100%        4
 Fulminant Prism          Conj/Hex       0%         3d6       100%        4
 Hailstorm                Conj/Ice       0%         3d3       100%        4
 Ice Form                 Ice/Tmut       0%         N/A       100%        4
 Iskenderun's Mystic Bla  Conj/Tloc      0%         2d3       100%        4
 Olgreb's Toxic Radiance  Pois           0%         N/A       100%        4
 Passage of Golubria      Tloc           0%         N/A       100%        4
 Sticky Flame             Conj/Fire      0%         2d3       100%        4
 Summon Ice Beast         Ice/Summ       0%         N/A       100%        4
 Summon Lightning Spire   Summ/Air       0%         N/A       100%        4
 Alistair's Intoxication  Tmut/Pois      0%         N/A       100%        5
 Blade Hands              Tmut           0%         N/A       100%        5
 Borgnjor's Vile Clutch   Necr/Erth      0%         N/A       100%        5
 Fireball                 Conj/Fire      0%         3d3       100%        5
 Freezing Cloud           Conj/Ice/Air   0%         6-21      100%        5
 Irradiate                Conj/Tmut      0%         3d11      100%        5
 Iskenderun's Battlesphe  Conj           0%         2d6       100%        5
 Lightning Bolt           Conj/Air       0%         1d11      100%        5
 Manifold Assault         Tloc           0%         N/A       100%        5
 Silence                  Hex/Air        0%         N/A       100%        5
 Summon Forest            Summ/Tloc      0%         N/A       100%        5
 Summon Mana Viper        Hex/Summ       0%         N/A       100%        5
 Yara's Violent Unravell  Hex/Tmut       0%         3d3       100%        5
 Conjure Ball Lightning   Conj/Air       0%         3x3d6     100%        6
 Dispersal                Tloc           0%         N/A       100%        6
 Eringya's Noxious Bog    Tmut/Pois      0%         N/A       100%        6
 Iron Shot                Conj/Erth      0%         9d1       100%        6
 Simulacrum               Ice/Necr       0%         N/A       100%        6
 Statue Form              Tmut/Erth      0%         N/A       100%        6
 Summon Cactus Giant      Summ           0%         N/A       100%        6
 Dragon Form              Tmut           0%         N/A       100%        7
 Malign Gateway           Summ/Tloc      0%         N/A       100%        7
 Orb of Destruction       Conj           0%         9d5       100%        7
 Ozocubu's Refrigeration  Ice            0%         4d7       100%        7
 Spellforged Servitor     Conj/Summ      0%         N/A       100%        7
 Storm Form               Tmut/Air       0%         N/A       100%        7
 Summon Hydra             Summ           0%         N/A       100%        7
 Borgnjor's Revivificati  Necr           0%         N/A       100%        8
 Discord                  Hex            0%         N/A       100%        8
 Disjunction              Tloc           0%         N/A       100%        8
 Lehudib's Crystal Spear  Conj/Erth      0%         10d2      100%        8
 Maxwell's Capacitive Co  Air            0%         ∞         100%        8
 Necromutation            Tmut/Necr      0%         N/A       100%        8
 Chain Lightning          Conj/Air       0%         N/A       100%        9
 Death's Door             Necr           0%         N/A       100%        9
 Fire Storm               Conj/Fire      0%         5d1       100%        9
 Shatter                  Erth           0%         3d5*      100%        9


Dungeon Overview and Level Annotations

Branches:
Dungeon (15/15)            Temple (0/1) D:7            Lair (5/5) D:9
 Shoals (4/4) Lair:3       Spider (4/4) Lair:2        Slime (0/5) Lair:4
    Orc (2/2) D:11            Elf (3/3) Orc:2        Vaults (4/5) D:14
  Crypt (3/3) Vaults:2       Tomb (0/3) Crypt:3      Depths (3/4) D:15
  IceCv (visited)          WizLab (visited)

Altars:
Ashenzari
Dithmenos
Gozag
Hepliaklqana
Kikubaaqudgha
Nemelex Xobeh
Okawaru
Qazlal
Trog
Yredelemnul
Jiyva

Shops:
D:13 !   D:14 *   Orc:1 *   Orc:2 [!(!   Elf:2 [   Elf:3 !?   Shoals:1 :
Shoals:2 *   Vaults:2 (   Vaults:4 [   Depths:2 :=:

Portals:
Hell: Depths:1 Depths:2
Abyss: Depths:3
Pandemonium: Depths:2

Annotations:
D:9 come back for demon whip of elec with enchant weap scrolls
D:14 ok randart plate if you have rPois
Vaults:3 3 runed translucent doors, Budghuxen's ghost, veteran HOFi


Innate Abilities, Weirdness & Mutations

You have a pair of antennae on your head.
You have claws for hands.
You regenerate a little health from kills.
You are powered by pain.
You are extremely robust. (+30% HP)
You have a sharp stinger which inflicts weakening toxins.


Message History

Your killer bee closely misses the iron dragon.
You block the fire dragon's attack. x2
The fire dragon tramples you but does no damage.
The walking divine tome erupts in a flurry of living spells!
Your centaur warrior hits the fire dragon.
Your centaur warrior kicks the fire dragon but does no damage.
Your killer bee stings the iron dragon but does no damage.
The hell knight closely misses your centaur warrior.
The hell knight closely misses your naga sharpshooter.
The iron dragon barely misses your centaur warrior.
The iron dragon misses your centaur warrior.
The iron dragon tramples your centaur warrior!!
Your centaur warrior holds its ground!
Your naga sharpshooter unwields a +0 war axe.
Your naga sharpshooter wields a +0 longbow.
Your naga sharpshooter shoots an arrow.
The arrow hits the fire dragon!
You're wearing all the rings you can.
Remove which one? (? for menu, Esc to cancel) < or
E - a +4 ring of protection; > or
R - a +4 ring of slaying You remove your +4 ring of protection.
The storm dragon bites your naga sharpshooter!
The storm dragon claws your naga sharpshooter!
The storm dragon tramples your naga sharpshooter.
Your naga sharpshooter holds its ground!
Your killer bee barely misses the iron dragon.
Your centaur warrior closely misses the fire dragon.
Your centaur warrior kicks the fire dragon but does no damage.
You block the fire dragon's attack. x2
The fire dragon tramples you but does no damage.
The walking divine tome barely misses your centaur warrior.
You feel stronger.
U - the ring "Goquvoos" (left claw) {rF++ EV+4 Str+4} Your killer bee stings the iron dragon but does no damage.
The living spell casts itself at you. Something smites you!
* * * LOW HITPOINT WARNING * * *
The living spell casts itself at you. Something smites you!
You die...
Your body glows with a rainbow of weird colours and disappears.

,,,,******,,,,,,~,******,*,*,,,*
*,,,,*,,,*,,,,,,,,,,,,,*,*,*,*,*
*,,,,*,,,,,,,,,,*,****,*,*,,,*<*
*,,,,,,,,,,,,******,**,*,*******
,,,,,,,,.,,,** *,,,*,,,*
~,,,,,,,≈≈>*** *,∩,*****
~,,,,,,,.§∩,,* ###,,,*
,,,,,,,,§..=####.#*,**
,,,,,~~~§......#@##+#
,,,,,~~,§......pDc#.###
,,,,,~,,.......N.;D^..#
,,,.....[....>.*Dp.y.H#***
,,,..............†#*.....**
,,,..............#######.,****
,,,$............########*§,,,*
,,,,....................,,,,,*
,,,,,,....##.$.........;,,,,,*


You could see an iron dragon (drained, ally target), a storm dragon (drained,
ally target), a walking divine tome, a fire dragon (ally target), a sphinx, 2
hell knights, 2 living smiting commandments, a friendly naga sharpshooter
(summoned), a friendly centaur warrior (summoned) and a friendly killer bee
(summoned).

Vanquished Creatures
  A dread lich (Crypt:3)
  An ancient lich (Crypt:3)
  Mara (Vaults:3)
  Mennas (Vaults:3)
  Vv (Crypt:1)
  Margery (Crypt:2)
  The ghost of SensoryNuts the Axe Maniac, a veteran HOFi of Gozag (Vaults:4)
  A shard shrike (Depths:3)
  Saint Roka (Vaults:1)
  A bone dragon (Abyss:3)
  Jorgrun (Spider:2)
  A tentacled monstrosity (WizLab)
  3 liches
  An Ice Fiend (IceCv)
  3 deep elf blademasters
  2 titans
  A deep elf master archer (Elf:3)
  An ancient champion (Crypt:2)
  Frances (Shoals:1)
  5 sphinxes
  2 tentacled starspawn
  An eldritch tentacle (WizLab)
  A storm dragon (D:12)
  Donald (Spider:2)
  3 tengu reavers
  A revenant (Crypt:2)
  2 azure jellies
  Ilsuiw (Shoals:2)
  Roxanne (D:14)
  A fire giant (Orc:1)
  A frost giant (Depths:1)
  An iron dragon (Lair:3)
  3 deep elf sorcerers (Elf:3)
  4 emperor scorpions
  A balrug (Depths:1)
  Aizul (Lair:2)
  An orc warlord (Orc:2)
  4 curse skulls
  3 ghost moths
  3 ghouls (Crypt:2)
  9 vault wardens
  2 deep elf elementalists (Elf:3)
  A juggernaut zombie (Crypt:2)
  2 caustic shrike zombies (Crypt:3)
  An angel (WizLab)
  16 ironbound preservers
  24 very ugly things
  A spriggan defender (Depths:3)
  4 reapers (Crypt:3)
  7 stone giants
  3 broodmothers
  5 ironbound thunderhulks
  Nessos (Lair:5)
  9 deep elf demonologists
  2 vampire knights
  3 entropy weavers
  9 deep elf annihilators
  Azrael (D:15)
  15 dire elephants
  3 spark wasps
  10 eidola
  A green death (Abyss:3)
  9 deep elf death magi
  A mummy priest (Crypt:3)
  4 ettins
  12 jiangshi
  3 merfolk javelineers (Shoals:4)
  6 merfolk impalers
  5 yaktaur captains
  2 deep elf high priests
  7 fire dragons
  8 great orbs of eyes
  Fannar (Lair:1)
  A rakshasa (D:14)
  9 boulder beetles
  2 ice dragons
  5 hydras
  An ice dragon (shapeshifter) (D:15)
  A caustic shrike simulacrum (IceCv)
  7 vault guards
  8 two-headed ogres
  2 ogre magi
  3 spriggan air magi
  10 centaur warriors
  6 merfolk avatars
  3 satyrs
  A radroach (Spider:4)
  6 spriggan skeletons
  22 dancing weapons
  8 ironbound frosthearts
  5 merfolk aquamancers (Shoals:4)
  2 alligator snapping turtles (Shoals:3)
  A death knight (Crypt:2)
  5 vampire magi
  4 orc high priests (Orc:2)
  4 deep troll earth magi (Depths:2)
  4 deep troll shamans
  5 tengu warriors
  A death scarab (Spider:3)
  A thrashing horror (WizLab)
  A titan zombie (Crypt:3)
  A storm dragon zombie (Crypt:2)
  3 shadow wraiths
  20 deep elf knights
  8 soul eaters
  7 hell knights
  31 skeletal warriors
  2 storm dragon skeletons (Depths:2)
  A wretched star (Abyss:3)
  An iron troll (Depths:2)
  7 pharaoh ants
  3 titan skeletons
  A fire crab (Orc:1)
  A golden dragon zombie (D:15)
  52 deep trolls
  2 sixfirhies
  Lodul (D:12)
  A swamp dragon (Vaults:2)
  15 orb spiders
  An anaconda zombie (Crypt:3)
  2 glowing orange brains (Elf:2)
  4 steelbarb worms
  2 sun moths
  15 sea snakes
  9 deep elf archers
  A bog body (IceCv)
  A swamp dragon (shapeshifter) (Elf:2)
  A flayed ghost (Crypt:2)
  2 starcursed masses (WizLab)
  A death drake (Elf:2)
  4 golden dragon skeletons (Depths:2)
  2 obsidian statues
  2 tengu zombies
  5 lindwurms
  An orange crystal statue (D:12)
  4 tengu skeletons
  17 necromancers
  9 phantasmal warriors
  A sphinx zombie (Crypt:2)
  14 ironbound convokers
  8 orc knights
  27 deep elf pyromancers
  20 deep elf zephyrmancers
  An anaconda skeleton (WizLab)
  7 wizards
  7 harpies (Shoals:4)
  4 spriggan simulacra (IceCv)
  20 wolf spiders
  45 ugly things
  6 orc sorcerers
  6 fauns
  2 mana vipers
  2 stone giant zombies
  4 salamanders
  A shining eye (Spider:4)
  4 worldbinders
  9 manticores
  4 iron dragon skeletons
  11 cyclopes
  A sphinx skeleton (Depths:2)
  3 shadow dragon skeletons
  A cyclops (shapeshifter) (Elf:1)
  3 frost giant skeletons (Depths:2)
  11 water nymphs
  16 elephants (Lair:5)
  A dire elephant zombie (Crypt:3)
  A guardian serpent (shapeshifter) (Vaults:1)
  3 guardian serpents
  An eye of devastation (Elf:2)
  11 merfolk sirens
  4 black mambas
  13 vault sentinels
  2 naga zombies (Crypt:3)
  2 stone giant skeletons (Depths:2)
  A centaur zombie (Crypt:3)
  3 torpor snails
  An orange demon (Abyss:3)
  A gargoyle (D:12)
  4 smoke demons
  12 cane toads
  2 centaur skeletons (Crypt:3)
  An unseen horror (WizLab)
  A kobold demonologist (D:14)
  25 yaktaurs
  6 komodo dragons
  15 freezing wraiths
  5 demonic crawlers
  6 rime drakes
  2 efreet
  14 hellwings
  An anaconda simulacrum (IceCv)
  A sea snake zombie (Crypt:1)
  4 ice devils (IceCv)
  3 ancient zymes
  A golden dragon simulacrum (IceCv)
  A death yak skeleton (Crypt:1)
  A queen bee (Lair:1)
  A tormentor (Abyss:3)
  A minotaur skeleton (Crypt:1)
  A silent spectre (Abyss:3)
  13 trolls
  5 meliai
  7 hornets
  2 harpy zombies (Crypt:3)
  2 tengu conjurers
  A hydra zombie (Crypt:3)
  A sea snake skeleton (Crypt:2)
  26 merfolk
  4 wind drakes
  7 polar bears
  Prince Ribbit (D:8)
  18 blink frogs
  28 tarantellas
  A hydra skeleton (Crypt:3)
  3 harpy skeletons (Crypt:3)
  3 spriggan zombies
  7 snapping turtles
  2 raiju (Abyss:3)
  36 slime creatures
  26 dream sheep
  31 jumping spiders
  11 air elementals
  12 flying skulls (Depths:2)
  2 shadows
  12 spriggans (Lair:5)
  30 culicivoras
  17 wraiths
  A fire dragon skeleton (Crypt:3)
  17 water elementals
  Eustachio (D:4)
  2 dire elephant simulacra (IceCv)
  A human (shapeshifter) (D:12)
  2 ushabtiu (Crypt:3)
  3 wyverns
  A ynoxinul (Abyss:3)
  A fire bat (Lair:5)
  22 humans
  The ghost of PyroL the Trooper, an amateur DsFi (D:4)
  A black mamba skeleton (Crypt:3)
  A minotaur simulacrum (IceCv)
  54 yaks
  5 fire elementals
  12 vampire mosquitoes
  8 basilisks
  10 steam dragons
  26 redbacks
  5 spatial vortices (WizLab)
  3 wargs
  Edmund (D:4)
  22 water moccasins
  3 glowing shapeshifter skeletons
  8 hell hounds
  3 acid dragons
  2 floating eyes
  An elf skeleton (WizLab)
  3 small abominations (Abyss:3)
  56 orc warriors
  7 black bears
  An ice beast (D:7)
  Pargi (D:4)
  3 sky beasts
  An alligator simulacrum (IceCv)
  An ogre (shapeshifter) (Spider:4)
  20 ogres
  An ettin simulacrum (IceCv)
  24 wolves
  7 boggarts
  15 centaurs
  4 kobold brigands
  2 phantoms
  7 bullfrogs
  A komodo dragon zombie (Crypt:1)
  5 gnoll sergeants
  An earth elemental (Elf:3)
  2 scorpions
  5 deep troll simulacra (IceCv)
  4 necrophages
  19 wights
  2 glowing shapeshifter simulacra (Depths:2)
  10 wyvern skeletons (Crypt:3)
  27 killer bees
  A raiju skeleton (Crypt:2)
  A lindwurm simulacrum (IceCv)
  2 electric eels
  7 howler monkeys
  A polar bear skeleton (Crypt:1)
  A crimson imp (WizLab)
  4 jellies
  An iron imp (WizLab)
  10 hounds
  4 quasits
  2 gnoll boudas
  32 orc priests
  An iguana (D:5)
  13 orc wizards
  A boggart simulacrum (D:14)
  A mummy (Crypt:3)
  6 adders
  24 gnolls
  A river rat (Orc:1)
  3 shadow imps
  A steam dragon skeleton (Crypt:2)
  A white imp (D:7)
  4 ufetubi
  A worm zombie (Crypt:2)
  An adder skeleton (Crypt:2)
  3 worms
  3 dart slugs
  113 orcs
  10 endoplasms
  5 giant cockroaches
  6 goblins
  16 hobgoblins
  6 jackals
  32 kobolds
  6 quokkas
  12 ball pythons
  4 bats
  2 frilled lizards
  A jackal skeleton (Crypt:1)
  4 rats
  A rat skeleton (Crypt:2)
  45 fungi
  128 plants
  5 starspawn tentacles
  20 withered plants
2310 creatures vanquished.

Notes
Turn   | Place    | Note
-------+----------+-------------------------------------------
     0 | D:1      | jfcaron the Demonspawn Monk began the quest for the Orb.
     0 | D:1      | Reached XP level 1. HP: 18/18 MP: 1/1
   200 | D:1      | HP: 3/18 [kobold/+0 short sword (4)]
   210 | D:1      | Gained mutation: You sometimes gain a little power by
                  | taking damage. [demonic ancestry]
   210 | D:1      | Reached XP level 2. HP: 21/24 MP: 2/2
   643 | D:1      | Reached skill level 1 in Armour
   776 | D:1      | Discovered your monstrous ancestry.
   776 | D:1      | Gained mutation: You have a small tail. [demonic ancestry]
   776 | D:1      | Reached XP level 3. HP: 28/29 MP: 3/3
  1608 | D:2      | Found a faded altar of an unknown god.
  1926 | D:3      | Found a sparkling altar of Nemelex Xobeh.
  1930 | D:3      | Became a worshipper of Nemelex Xobeh the Trickster
  1930 | D:3      | Reached * piety under Nemelex Xobeh
  1930 | D:3      | Received a gift from Nemelex Xobeh
  1930 | D:3      | Reached ** piety under Nemelex Xobeh
  2301 | D:3      | Received a gift from Nemelex Xobeh
  2383 | D:3      | Reached XP level 4. HP: 14/35 MP: 4/4
  2894 | D:4      | Noticed a phantom
  2906 | D:4      | Noticed Pargi
  2910 | D:4      | Killed Pargi
  2911 | D:4      | Reached skill level 1 in Invocations
  2911 | D:4      | Reached XP level 5. HP: 29/42 MP: 4/6
  2911 | D:4      | Killed a phantom
  2912 | D:4      | Reached skill level 2 in Invocations
  3081 | D:4      | Noticed Edmund
  3090 | D:4      | Killed Edmund
  3091 | D:4      | Gained mutation: You have sharp fingernails. [demonic
                  | ancestry]
  3091 | D:4      | Reached XP level 6. HP: 41/48 MP: 6/8
  3148 | D:4      | Noticed Eustachio
  3149 | D:4      | Found a transporter.
  3152 | D:4      | Noticed PyroL's ghost (amateur DsFi)
  3153 | D:4      | Noticed an acid dragon
  3170 | D:4      | Killed Eustachio
  3171 | D:4      | Reached skill level 5 in Maces & Flails
  3171 | D:4      | Reached skill level 3 in Invocations
  3287 | D:4      | Found a transporter.
  3288 | D:4      | Found a broken altar of Ashenzari.
  3392 | D:4      | Found an iron altar of Okawaru.
  3400 | D:4      | Noticed a hell beast
  3408 | D:4      | Gained mutation: You have a pair of small antennae on your
                  | head. [demonic ancestry]
  3408 | D:4      | Reached XP level 7. HP: 44/55 MP: 9/9
  3565 | D:4      | Found a bloodstained altar of Trog.
  4014 | D:4      | Reached *** piety under Nemelex Xobeh
  4050 | D:5      | Entered Level 5 of the Dungeon
  4114 | D:5      | Reached skill level 4 in Invocations
  4499 | D:5      | Reached skill level 16 in Invocations
  4499 | D:5      | Gained mutation: You have very sharp fingernails. [demonic
                  | ancestry]
  4499 | D:5      | Reached XP level 8. HP: 61/61 MP: 11/20
  4500 | D:5      | Gained mutation: You have a tail ending in a sharp stinger.
                  | [demonic ancestry]
  4500 | D:5      | Reached XP level 9. HP: 67/67 MP: 11/21
  4611 | D:5      | Received a gift from Nemelex Xobeh
  5486 | D:6      | Reached skill level 5 in Fighting
  5711 | D:6      | Gained mutation: You regenerate a little health from kills.
                  | [demonic ancestry]
  5711 | D:6      | Reached XP level 10. HP: 66/74 MP: 22/22
  6061 | D:6      | Received a gift from Nemelex Xobeh
  6892 | D:7      | Received a gift from Nemelex Xobeh
  6927 | D:7      | Reached **** piety under Nemelex Xobeh
  7163 | D:7      | Found a hazy altar of Hepliaklqana.
  7205 | D:7      | Found a staircase to the Ecumenical Temple.
  7254 | D:7      | Received a gift from Nemelex Xobeh
  7922 | D:7      | Found the +10 tower shield of Ignorance {rN+ Int-4}
  8020 | D:7      | Reached skill level 1 in Shields
  8386 | D:8      | Reached XP level 11. HP: 81/81 MP: 23/23
  8423 | D:8      | Noticed a two-headed ogre
  8425 | D:8      | a two-headed ogre changed into a snapping turtle
  8881 | D:8      | Identified the +1 robe of Kymae {Int+3}
  9084 | D:8      | Noticed Prince Ribbit
  9104 | D:8      | Killed Prince Ribbit
  9209 | D:8      | Noticed a two-headed ogre
  9213 | D:8      | Killed a two-headed ogre
  9301 | D:8      | Received a gift from Nemelex Xobeh
  9610 | D:9      | Found a staircase to the Lair.
  9777 | D:9      | Found an ancient bone altar of Kikubaaqudgha.
 10575 | D:9      | Reached ***** piety under Nemelex Xobeh
 10628 | D:10     | Entered Level 10 of the Dungeon
 10767 | D:10     | Received a gift from Nemelex Xobeh
 11014 | D:10     | Reached skill level 10 in Armour
 11656 | D:10     | Reached skill level 5 in Shields
 11702 | D:11     | Received a gift from Nemelex Xobeh
 11851 | D:11     | Gained mutation: You have a sharp stinger which inflicts
                  | weakening toxins. [demonic ancestry]
 11851 | D:11     | Reached XP level 12. HP: 91/91 MP: 24/24
 11881 | D:11     | Noticed a two-headed ogre
 11882 | D:11     | Found a staircase to the Orcish Mines.
 11888 | D:11     | Killed a two-headed ogre
 12175 | D:11     | Noticed a boulder beetle
 12294 | D:11     | Killed a boulder beetle
 12913 | Lair:1   | Entered Level 1 of the Lair of Beasts
 13366 | Lair:1   | Received a gift from Nemelex Xobeh
 13835 | Lair:1   | Noticed a fire dragon
 13839 | Lair:1   | Killed a fire dragon
 13971 | Lair:1   | Reached skill level 10 in Maces & Flails
 14023 | Lair:1   | Noticed Fannar
 14026 | Lair:1   | Killed Fannar
 14523 | Lair:2   | Received a gift from Nemelex Xobeh
 14618 | Lair:2   | Gained mutation: You have a pair of antennae on your head.
                  | [demonic ancestry]
 14618 | Lair:2   | Reached XP level 13. HP: 84/98 MP: 25/25
 14790 | Lair:2   | Found a hole to the Spider Nest.
 15185 | Lair:2   | Received a gift from Nemelex Xobeh
 16106 | Lair:3   | Received a gift from Nemelex Xobeh
 16478 | Lair:3   | Reached ****** piety under Nemelex Xobeh
 16496 | Lair:3   | Noticed Gastronok
 16504 | Lair:3   | Noticed Gastronok
 16504 | Lair:3   | Gastronok changed into Gastronok the iron dragon
 16509 | Lair:3   | Killed Gastronok the iron dragon
 16742 | Lair:3   | Found a staircase to the Shoals.
 17119 | Lair:4   | Received a gift from Nemelex Xobeh
 17612 | Lair:4   | Found a staircase to the Slime Pits.
 17863 | Lair:4   | Received a gift from Nemelex Xobeh
 18117 | Lair:4   | Found an opulent altar of Gozag.
 18527 | Lair:4   | Received a gift from Nemelex Xobeh
 18758 | Lair:5   | Entered Level 5 of the Lair of Beasts
 18790 | Lair:5   | Gained mutation: You have claws for hands. [demonic
                  | ancestry]
 18790 | Lair:5   | Reached XP level 14. HP: 86/108 MP: 26/26
 19243 | Lair:5   | Reached skill level 10 in Shields
 19311 | Lair:5   | Received a gift from Nemelex Xobeh
 19702 | Lair:5   | Noticed Nessos
 19707 | Lair:5   | Killed Nessos
 20171 | Lair:5   | Received a gift from Nemelex Xobeh
 20181 | Lair:5   | Reached skill level 10 in Fighting
 20735 | D:4      | Killed PyroL's ghost
 21119 | Orc:1    | Entered Level 1 of the Orcish Mines
 21122 | Orc:1    | Noticed Erica
 21123 | Orc:1    | Noticed an orc warlord
 21133 | Orc:1    | Noticed Erica
 21133 | Orc:1    | Noticed a fire giant
 21133 | Orc:1    | an orc warlord changed into a fire giant
 21137 | Orc:1    | Killed Erica the salamander
 21137 | Orc:1    | Killed a fire giant
 21168 | Orc:1    | Found Rufruzuc's Assorted Antiques.
 21392 | Orc:1    | Gained mutation: You sometimes gain power by taking damage.
                  | [demonic ancestry]
 21392 | Orc:1    | Reached XP level 15. HP: 104/117 MP: 27/27
 21424 | Orc:1    | Identified the +2 long sword of Uhe Dacvugh {vorpal, Dex+2}
 21448 | Orc:1    | Received a gift from Nemelex Xobeh
 21639 | Orc:1    | Bought a scroll labelled UGRUUR WAFA for 28 gold pieces
 21639 | Orc:1    | Bought a scroll of identify for 56 gold pieces
 21639 | Orc:1    | Bought a potion of curing for 84 gold pieces
 21728 | Orc:2    | Entered Level 2 of the Orcish Mines
 22094 | Orc:2    | HP: 22/117 [orc warrior/+0 trident (10)]
 22112 | Orc:2    | Paralysed by an orc sorcerer for 5 turns
 22142 | Orc:2    | Found Gaptepto's Antique Armour Emporium.
 22152 | Orc:2    | Found Rifirch's Distillery.
 22158 | Orc:2    | Bought a potion of heal wounds for 80 gold pieces
 22471 | Orc:2    | Noticed an orc warlord
 22489 | Orc:2    | Killed an orc warlord
 22539 | Orc:2    | Received a gift from Nemelex Xobeh
 22542 | Orc:2    | Found Leixar's Distillery.
 23151 | Orc:2    | HP: 16/118 [sun demon[an orc high priest] (15)]
 23151 | Orc:2    | HP: 4/118 [sun demon[an orc high priest] (12)]
 23201 | Orc:2    | Found Idesoh's Antique Weapon Shop.
 23743 | Orc:2    | Received a gift from Nemelex Xobeh
 23802 | Orc:2    | Found a staircase to the Elven Halls.
 23847 | Orc:2    | HP: 23/118 [orc sorcerer/bolt of fire (17)]
 23853 | Orc:2    | Identified the +3 executioner's axe of Fatigue {drain, rN+
                  | Str+3}
 24490 | Orc:2    | Bought a potion of curing for 45 gold pieces
 24490 | Orc:2    | Bought a potion of flight for 45 gold pieces
 24549 | Orc:2    | Bought a potion of berserk rage for 80 gold pieces
 24549 | Orc:2    | Bought a potion of invisibility for 128 gold pieces
 24549 | Orc:2    | Bought a potion of haste for 160 gold pieces
 24549 | Orc:2    | Bought a potion of curing for 48 gold pieces
 24549 | Orc:2    | Bought a potion of haste for 160 gold pieces
 24559 | Orc:2    | Bought a pair of glowing boots for 225 gold pieces
 24575 | Orc:2    | Bought a distressingly furry kite shield for 285 gold
                  | pieces
 24575 | Orc:2    | Identified the -1 kite shield of Hysteria {rElec rN+
                  | Slay-2} (You bought it in a shop on level 2 of the Orcish
                  | Mines)
 24884 | D:12     | Found a runed translucent door.
 24905 | D:12     | Found a runed translucent door.
 24918 | D:12     | Found a runed translucent door.
 24939 | D:12     | Noticed Lodul
 24941 | D:12     | Killed Lodul
 24973 | D:12     | Received a gift from Nemelex Xobeh
 25037 | D:12     | Noticed a storm dragon
 25038 | D:12     | Noticed a tengu reaver
 25044 | D:12     | Killed a tengu reaver
 25047 | D:12     | Noticed a sphinx
 25052 | D:12     | Killed a storm dragon
 25055 | D:12     | Killed a sphinx
 25060 | D:12     | Found the +5 glaive of the Guard {elec, spectral, AC+5}
 25211 | D:12     | Found a runed translucent door.
 25323 | D:12     | Identified the +1 ring mail of Death Resistance {*Corrode
                  | +Inv Will- Int+6 Stlth+}
 25769 | D:13     | Found Uximuynuynt's Distillery.
 25777 | D:13     | Bought a potion of heal wounds for 85 gold pieces
 25777 | D:13     | Bought a potion of cancellation for 136 gold pieces
 26081 | D:13     | Noticed Kirke
 26082 | D:13     | Noticed Kirke
 26082 | D:13     | Kirke changed into Kirke the azure jelly
 26094 | D:13     | Killed Kirke the azure jelly
 26108 | D:13     | Reached skill level 15 in Maces & Flails
 26183 | D:13     | Identified the +11 trident of War {holy, rElec Will+ Dex+2}
 26202 | D:13     | Identified the +7 ring mail of the Minstrel {Stlth+}
 26242 | D:13     | Received a gift from Nemelex Xobeh
 26365 | D:14     | You fall into a shaft and drop 1 floor!
 26365 | D:15     | Entered Level 15 of the Dungeon
 26377 | D:15     | Noticed Azrael
 26390 | D:15     | Killed Azrael
 26391 | D:15     | Gained mutation: You are robust. (+10% HP) [demonic
                  | ancestry]
 26391 | D:15     | Reached XP level 16. HP: 61/139 MP: 28/28
 26664 | D:15     | Received a gift from Nemelex Xobeh
 26919 | D:15     | Found a staircase to the Depths.
 27456 | D:14     | Identified Roxanne's Commentary on Changing
 27456 | D:14     | Noticed Roxanne
 27537 | D:14     | Found Qaseh's Assorted Antiques.
 27584 | D:14     | Bought a scroll of identify for 54 gold pieces
 27584 | D:14     | Bought a glowing silver amulet for 135 gold pieces
 27634 | D:14     | Identified the +1 robe of Light {rN+ Int+3 SInv}
 27750 | Abyss:3  | Cast into level 3 of the Abyss (a wizard)
 27821 | Abyss:3  | Found a corrupted altar of Lugonu.
 27833 | Abyss:3  | Found a burning altar of Makhleb.
 28149 | Abyss:3  | Noticed a tentacled starspawn
 28154 | Abyss:3  | Killed a tentacled starspawn
 28192 | Abyss:3  | Noticed a bone dragon
 28219 | Abyss:3  | Killed a bone dragon
 28222 | D:14     | Escaped the Abyss
 28324 | D:14     | Found a gate to the Vaults.
 28437 | D:14     | Reached skill level 17 in Invocations
 28781 | D:14     | Killed Roxanne
 28810 | D:15     | Found a shadowy altar of Dithmenos.
 29191 | D:15     | Received a gift from Nemelex Xobeh
 29317 | D:14     | Bought a distressingly furry plate armour for 756 gold
                  | pieces
 29317 | D:14     | Identified the +4 plate armour of Context {-Cast rCorr
                  | Str+3 SInv} (You bought it in a shop on level 14 of the
                  | Dungeon)
 29359 | D:13     | Bought a potion of might for 68 gold pieces
 29359 | D:13     | Bought a potion of curing for 51 gold pieces
 29528 | Spider:1 | Entered Level 1 of the Spider Nest
 29537 | Spider:1 | Noticed Aizul
 29557 | Lair:2   | HP: 28/141 [Aizul/poison arrow (5)]
 29560 | Lair:2   | HP: 9/141 [Aizul (17)]
 29565 | Lair:2   | HP: 19/141 [poisoned by Aizul (poison arrow)]
 29567 | Lair:2   | Killed Aizul
 29570 | Lair:2   | HP: 15/141 [poisoned by Aizul (poison arrow)]
 31526 | Spider:1 | Gained mutation: You are very robust. (+20% HP) [demonic
                  | ancestry]
 31526 | Spider:1 | Reached XP level 17. HP: 141/162 MP: 29/29
 31693 | Spider:2 | Reached skill level 5 in Dodging
 31902 | Spider:2 | Received a gift from Nemelex Xobeh
 32550 | Spider:2 | Noticed Donald
 32586 | Spider:2 | Killed Donald
 32931 | Spider:2 | Noticed Jorgrun
 32943 | Spider:2 | Killed Jorgrun
 32945 | Spider:2 | Identified the +3 executioner's axe of Disgust {freeze, rC+
                  | Will+ Int+2}
 33486 | Spider:2 | Received a gift from Nemelex Xobeh
 34001 | Spider:3 | Received a gift from Nemelex Xobeh
 34280 | Spider:3 | Reached skill level 18 in Invocations
 35012 | Lair:3   | Identified 2 scrolls of acquirement
 35012 | Lair:3   | Acquired a +0 demon whip of electrocution
 35015 | Lair:3   | Acquired 1009 gold pieces
 35199 | Lair:3   | Upgraded the game from 0.30-a0-2-gf48d83f5e2 to
                  | 0.30-a0-4-ga7cffc901d
 35200 | Shoals:1 | Entered Level 1 of the Shoals
 35200 | Shoals:1 | You fall into a shaft and drop 1 floor!
 35234 | Shoals:1 | Found a frozen archway.
 35283 | IceCv    | Entered an ice cave
 35488 | IceCv    | Noticed an Ice Fiend
 35526 | IceCv    | HP: 46/246 [Ice Fiend/bolt of cold (23)]
 35527 | IceCv    | Killed an Ice Fiend
 36364 | IceCv    | Received a gift from Nemelex Xobeh
 36490 | Shoals:1 | Noticed Frances
 36500 | Shoals:1 | Killed Frances
 36523 | Shoals:1 | Found Edae's Book Emporium.
 36976 | Shoals:1 | Received a gift from Nemelex Xobeh
 37166 | Shoals:2 | Noticed Ilsuiw
 37180 | Shoals:2 | Killed Ilsuiw
 37389 | Shoals:2 | Reached XP level 18. HP: 174/174 MP: 31/31
 37414 | Shoals:2 | Found Atiroar's CLEARANCE SALE!.
 37421 | Shoals:2 | Bought a wand of roots (4) for 48 gold pieces
 38655 | Shoals:3 | Received a gift from Nemelex Xobeh
 38875 | Shoals:4 | Entered Level 4 of the Shoals
 39416 | Shoals:4 | Reached skill level 19 in Invocations
 39702 | Shoals:4 | Received a gift from Nemelex Xobeh
 39957 | Shoals:4 | Identified the +5 scale mail of Beyond {Regen+ Dex+4}
 40444 | Shoals:4 | Got a barnacled rune of Zot
 40875 | Spider:4 | Entered Level 4 of the Spider Nest
 41369 | Spider:4 | Received a gift from Nemelex Xobeh
 41410 | Spider:4 | Got Vuetzico's Directory of Harmful Imprecation
 42944 | Spider:4 | Got a gossamer rune of Zot
 43311 | Elf:1    | Entered Level 1 of the Elven Halls
 43315 | Elf:1    | Paralysed by an air elemental for 1 turns
 43319 | Orc:2    | Paralysed by an air elemental for 1 turns
 43323 | Orc:2    | Paralysed by an air elemental for 1 turns
 43617 | Elf:1    | Paralysed by an air elemental for 1 turns
 43621 | Elf:1    | Paralysed by an air elemental for 1 turns
 43633 | Elf:1    | Paralysed by an air elemental for 1 turns
 43935 | Elf:1    | Reached XP level 19. HP: 141/184 MP: 32/32
 44228 | Elf:1    | Paralysed by an air elemental for 1 turns
 44409 | Elf:1    | Received a gift from Nemelex Xobeh
 45367 | Elf:2    | Received a gift from Nemelex Xobeh
 45368 | Elf:2    | Identified the +5 executioner's axe "Founwewk" {freeze,
                  | Str+4 Int-2 Dex+5 SInv}
 45399 | Elf:2    | Reached skill level 15 in Fighting
 45547 | Elf:2    | Found Sewn's Armour Emporium.
 45585 | Elf:2    | Paralysed by an air elemental for 1 turns
 45589 | Elf:2    | Paralysed by an air elemental for 1 turns
 45881 | Elf:2    | Paralysed by an air elemental for 1 turns
 45902 | Elf:2    | Reached skill level 20 in Invocations
 46087 | Elf:2    | Found a runed translucent gate.
 46087 | Elf:2    | Found a runed translucent gate.
 46090 | Elf:2    | Found a runed translucent gate.
 46674 | Elf:2    | Received a gift from Nemelex Xobeh
 47063 | Elf:3    | Entered Level 3 of the Elven Halls
 47069 | Elf:3    | Paralysed by an air elemental for 1 turns
 47072 | Elf:3    | Paralysed by an air elemental for 1 turns
 47075 | Elf:3    | Paralysed by an air elemental for 1 turns
 47430 | Elf:3    | Found Dettiuf's Magic Scroll Shop.
 47439 | Elf:3    | Found Uryocrum's Distillery.
 47452 | Elf:3    | Bought a potion of heal wounds for 90 gold pieces
 47487 | Elf:3    | Paralysed by an air elemental for 1 turns
 47509 | Elf:3    | Reached skill level 15 in Armour
 47516 | Elf:3    | Reached skill level 15 in Shields
 47800 | Vaults:1 | Entered Level 1 of the Vaults
 47802 | Vaults:1 | Received a gift from Nemelex Xobeh
 47940 | Vaults:1 | Found a magical portal.
 47955 | WizLab   | Entered The Roulette of Golubria
 47955 | WizLab   | Found a transporter.
 47958 | WizLab   | Found the +1 cloak of Starlight {*Dazzle EV+4 Stlth--}
 47958 | WizLab   | Found a corrupted altar of Lugonu.
 47979 | WizLab   | Found a transporter.
 47984 | WizLab   | Found a transporter.
 48023 | WizLab   | Found a transporter.
 48025 | WizLab   | Received a gift from Nemelex Xobeh
 48058 | WizLab   | Found a transporter.
 48140 | WizLab   | Found a transporter.
 48184 | WizLab   | Found a transporter.
 48185 | WizLab   | Found a transporter.
 48203 | WizLab   | Found a transporter.
 48242 | WizLab   | Found a transporter.
 48313 | WizLab   | Found a transporter.
 48321 | WizLab   | Found a corrupted altar of Lugonu.
 48450 | WizLab   | Found a transporter.
 48450 | WizLab   | Found a transporter.
 48470 | WizLab   | Got Xaiw's Vellum of Direction
 48487 | WizLab   | Found a transporter.
 48490 | WizLab   | Found a transporter.
 48507 | WizLab   | Identified the +0 cloak "Coubutis" {Int+3}
 48513 | WizLab   | Identified the +2 cloak of the Locust {rElec Slay+5}
 48554 | WizLab   | Found a transporter.
 48566 | WizLab   | Paralysed by accursed screaming for 1 turns
 48578 | WizLab   | Got Sif Muna's Compendium of the Map
 48591 | WizLab   | Found a transporter.
 48591 | WizLab   | Found a transporter.
 48695 | WizLab   | Found a transporter.
 48695 | WizLab   | Found a transporter.
 49118 | Vaults:1 | Gained mutation: You are extremely robust. (+30% HP)
                  | [demonic ancestry]
 49118 | Vaults:1 | Reached XP level 20. HP: 163/213 MP: 34/34
 49126 | Vaults:1 | Reached skill level 21 in Invocations
 49560 | Vaults:1 | Received a gift from Nemelex Xobeh
 49623 | Vaults:1 | Reached skill level 10 in Dodging
 49644 | Vaults:1 | Identified the +8 arbalest of the Crawling Thing {freeze,
                  | Will+ Dex+6}
 49818 | Vaults:1 | Noticed Saint Roka
 49830 | Vaults:1 | Killed Saint Roka
 49939 | Vaults:1 | HP: 32/213 [Executioner[a deep elf demonologist] (19)]
 49959 | Vaults:1 | Received a gift from Nemelex Xobeh
 50627 | Vaults:2 | Received a gift from Nemelex Xobeh
 50669 | Vaults:2 | Found Yqot's Weapon Shop.
 50836 | Vaults:2 | Received a gift from Nemelex Xobeh
 50950 | Vaults:2 | HP: 36/215 [vault warden/+3 glaive of holy wrath (36)]
 50950 | Vaults:2 | HP: 5/215 [vault warden/+3 glaive of holy wrath (31)]
 51583 | Vaults:2 | Reached skill level 22 in Invocations
 51659 | Vaults:2 | Received a gift from Nemelex Xobeh
 51781 | Vaults:2 | Found a staircase to the Crypt.
 51781 | Vaults:2 | Found an ancient bone altar of Kikubaaqudgha.
 51781 | Vaults:2 | Found a basalt altar of Yredelemnul.
 52385 | Vaults:3 | Received a gift from Nemelex Xobeh
 52639 | Vaults:3 | Noticed Sojobo
 52640 | Vaults:3 | Noticed Sojobo
 52640 | Vaults:3 | Sojobo changed into Sojobo the titan
 52648 | Vaults:3 | Killed Sojobo the titan
 52673 | Vaults:3 | HP: 10/218 [ironbound thunderhulk/bolt of lightning (53)]
 52710 | Vaults:3 | Noticed Mennas
 52724 | Vaults:3 | HP: 34/218 [Mennas/+4 sacred scourge of holy wrath (22)]
 52746 | Vaults:3 | Killed Mennas
 52911 | Vaults:3 | Reached XP level 21. HP: 226/226 MP: 36/36
 52933 | Vaults:3 | Found a runed translucent gate.
 52933 | Vaults:3 | Found a runed translucent gate.
 52933 | Vaults:3 | Found a runed translucent gate.
 52933 | Vaults:3 | Noticed Budghuxen's ghost (veteran HOFi)
 53366 | Vaults:3 | Noticed Mara
 53372 | Vaults:3 | Killed Mara
 53793 | Vaults:3 | Found a viscous altar of Jiyva.
 54036 | Vaults:4 | Found a large runed translucent door.
 54036 | Vaults:4 | Found a large runed translucent door.
 54036 | Vaults:4 | Noticed SensoryNuts's ghost (veteran HOFi)
 54059 | Vaults:4 | Noticed Bai Suzhen
 54062 | Vaults:4 | Noticed Bai Suzhen
 54062 | Vaults:4 | Bai Suzhen changed into Bai Suzhen the titan
 54072 | Vaults:4 | Killed Bai Suzhen the titan
 54089 | Vaults:4 | Paralysed by a great orb of eyes for 3 turns
 54161 | Vaults:4 | Received a gift from Nemelex Xobeh
 54214 | Vaults:4 | Reached skill level 23 in Invocations
 54710 | Vaults:4 | Paralysed by a sphinx for 5 turns
 55179 | Vaults:4 | Received a gift from Nemelex Xobeh
 55266 | Vaults:4 | Found Hecs's Armour Shop.
 55524 | Vaults:4 | Killed SensoryNuts's ghost
 56181 | Crypt:1  | Entered Level 1 of the Crypt
 56237 | Crypt:1  | Noticed Vv
 56257 | Crypt:1  | HP: 34/230 [Vv (16)]
 56258 | Crypt:1  | HP: 9/230 [Vv (19)]
 56270 | Crypt:1  | Killed Vv
 57587 | Crypt:2  | Received a gift from Nemelex Xobeh
 57891 | Crypt:2  | Noticed Margery
 58088 | Crypt:2  | Gained mutation: You are powered by pain. [demonic
                  | ancestry]
 58088 | Crypt:2  | Reached XP level 22. HP: 226/240 MP: 37/37
 58149 | Crypt:2  | Received a gift from Nemelex Xobeh
 58478 | Crypt:2  | Killed Margery
 58479 | Crypt:2  | Reached skill level 24 in Invocations
 58738 | Crypt:3  | Entered Level 3 of the Crypt
 59573 | Crypt:3  | Found an ancient bone altar of Kikubaaqudgha.
 59627 | Crypt:3  | Received a gift from Nemelex Xobeh
 59810 | Crypt:3  | Noticed an ancient lich
 59818 | Crypt:3  | Noticed a dread lich
 59820 | Crypt:3  | Killed an ancient lich
 59838 | Crypt:3  | Killed a dread lich
 59853 | Crypt:3  | Identified the amulet "Esmidgh" {rElec rC+ Regen+ MP+9
                  | Int+3}
 59853 | Crypt:3  | Identified the ring "Kougam" {rElec rN+ Str+4 Int+2}
 60456 | Crypt:3  | Found a staircase to the Tomb.
 61255 | Crypt:3  | Identified the +1 scale mail of Xiumul {Harm Int+7 Dex-3
                  | Stlth+}
 61524 | Vaults:4 | Bought the +1 chain mail of the Heavens {Drain Will+ Str+5}
                  | for 351 gold pieces
 62032 | Elf:3    | Identified the ring "Cosoof" {rC++ Str+2 Dex+6}
 62275 | Elf:3    | Identified the ring "Goquvoos" {rF++ EV+4 Str+4}
 62371 | Elf:3    | Paralysed by an air elemental for 1 turns
 62380 | Elf:3    | Identified the +4 scimitar "No More Talking" {drain, Int+4
                  | SInv}
 62610 | Elf:3    | Identified the +2 leather armour of the Tired Mystics
                  | {Int+4 Dex+4}
 62879 | Elf:3    | Identified the +9 flail of Lugaq {vorpal, Drain Str+4 Dex+3
                  | Stlth+}
 62993 | Elf:3    | Reached skill level 25 in Invocations
 63127 | Elf:3    | Got Vocrily's Quarto of the Birds
 63167 | Elf:3    | Received a gift from Nemelex Xobeh
 63268 | Elf:3    | Got the Monograph on Guile
 63622 | Depths:1 | Entered Level 1 of the Depths
 64000 | Depths:1 | Received a gift from Nemelex Xobeh
 64056 | Depths:1 | Reached skill level 1 in Evocations
 64316 | Depths:1 | Found a gateway to Hell.
 64451 | Depths:1 | Reached XP level 23. HP: 194/253 MP: 39/39
 65264 | Depths:2 | Received a gift from Nemelex Xobeh
 65399 | Depths:2 | Found a stormy altar of Qazlal.
 65431 | Depths:2 | Found a one-way gate leading to the halls of Pandemonium.
 65740 | Depths:2 | Received a gift from Nemelex Xobeh
 65991 | Depths:2 | Identified the ring "Fuonumy" {rCorr Dex+2 SInv}
 66220 | Depths:2 | Found Rolufem's Book Emporium.
 66221 | Depths:2 | Found Nurum's Jewellery Boutique.
 66226 | Depths:2 | Found Sunur's Book Emporium.
 66451 | Depths:3 | Noticed a caustic shrike
 66452 | Depths:3 | Found a one-way gate to the infinite horrors of the Abyss.
 66457 | Depths:3 | a caustic shrike changed into an iron dragon
 66457 | Depths:3 | Noticed a shard shrike
 66457 | Depths:3 | a titan changed into a shard shrike
 66463 | Depths:3 | Killed a shard shrike
 66474 | Depths:3 | HP: 39/254 [living spell/divine providence[a walking divine
                  | tome] (15)]
 66477 | Depths:3 | HP: 14/254 [living spell/divine providence[a walking divine
                  | tome] (16)]
 66477 | Depths:3 | Killed from afar by a living spell

Illustrated notes

Levels and vault maps discovered:
D:1:      saegor_arrival_miasma, layout_rooms, minmay_tripent
D:2:      layout_loops_ring, nicolae_ecumenical_snake_handling,
          grunt_decor_resistance
D:3:      layout_basic, nemelex_diamond_rough_becter, dreamdust_princess_bridge,
          dreamdust_wishing_well, minmay_tree_intersection, minmay_surrounded
D:4:      layout_loops_ring, general_overflow_altar, ashenzari_altar_1,
          kennysheep_mini_moat, gammafunk_ghost_arena,
          minmay_misc_feat_four_crosses, kennysheep_generic_room_6, uniq_pargi,
          uniq_edmund, uniq_eustachio
D:5:      layout_cave_pods
D:6:      layout_loops_ring
D:7:      kennysheep_windowed_halls, layout_cave_pools, kennysheep_mini,
          minmay_temple_entry_glassed_door, serial_co_window_serial,
          co_window_of_opportunity_a, co_window_paths_a, co_window_corner_a,
          co_window_paths_a, co_window_corner_a, co_window_corner_a,
          co_window_paths_b, co_window_broadway_a, co_window_corner_cb,
          co_window_of_opportunity_c, co_window_unsneaky_path_b,
          co_window_corner_cb, glass_columns_b, glass_columns_a,
          glass_columns_b, glass_columns_b, glass_columns_a
D:8:      layout_loops_cross, mainiacjoe_overflow_alcove_4, uniq_prince_ribbit1
D:9:      kennysheep_housing_project, layout_rooms,
          mainiacjoe_overflow_alcove_1, lair_entry_dummy, serial_corexii_hall,
          corexii_hall_statues_i, corexii_hall_statues_t
D:10:     layout_stronghold, lightli_minifort
D:11:     layout_roguey, erik_orc_3, serial_bayou_lagoon_a
D:12:     minmay_guarded_unrand_guard, layout_cave_pools,
          minmay_statue_crystal_thing, uniq_lodul
D:13:     layout_gridville, serial_shops, shop, drop_trap, uniq_kirke
D:14:     layout_rooms, grunt_vaults_entry_tiered, serial_shops,
          nicolae_shop_statue_plus, uniq_roxanne
D:15:     gammafunk_depths_entry_grave, layout_irregular_city,
          dk_noncrumbling_4, grunt_dithmenos_shadows, uniq_azrael
Lair:1:   dragon1_lemuel, layout_gridlike, special_room [special_room_bee],
          chequers_serial_rivers_large_a, grunt_megastairs_1, uniq_fannar
Lair:2:   layout_cave_pods, nicolae_spider_entry_tight_spaces
Lair:3:   layout_chaotic_city, elwin_shoals_entry_rooms, beast_lair_carwin_7,
          uniq_gastronok
Lair:4:   layout_cave_pods, nicolae_slime_entry_slimehenge,
          lemuel_centaur_altar, serial_bayou_shore_a, lemuel_fruit_fields
Lair:5:   minmay_lair_end_enchanted_forest, layout_layer_cave,
          grunt_megastairs_2, uniq_nessos
Shoals:1: layout_shoals, portal_ice_cave_entry_ugly_swarm, serial_shops,
          nicolae_shop_hallway_plus, uniq_frances
Shoals:2: layout_shoals, nicolae_shop_clearance, uniq_ilsuiw
Shoals:3: layout_shoals
Shoals:4: shoals_end_simple, layout_shoals, nicolae_shoals_drake_roost
Spider:1: layout_spider_delve, hangedman_spider_tarantella_strand, uniq_aizul
Spider:2: layout_cave_pods, uniq_donald, uniq_jorgrun
Spider:3: layout_chambers
Spider:4: grunt_spider_rune_parallel
Orc:1:    layout_caves, special_room [special_room_orc], serial_shops, shop,
          minmay_orc_barracks, uniq_erica
Orc:2:    pubby_orc_utopia, serial_shops
Elf:1:    nicolae_elf_arrival_aired_out, layout_gridlike,
          minmay_elf_crystal_hexagon
Elf:2:    elven_hall_of_blades_hangedman_original [nicolae_blade_lattice],
          layout_onion_city, serial_shops, nicolae_shop_hallway_stairs
Elf:3:    grunt_elf_hall_diamonds, layout_gridlike, minmay_shop_star
Vaults:1: mu_enter_wizlab_4, vaults_room_hallway, nicolae_vaults_circle_grid_b,
          grunt_vaults_twisty, nicolae_vaults_know_your_exits,
          nicolae_vaults_yaktaur_gun_rack, nicolae_vaults_asterisk,
          v_alt_pattern_1, nicolae_vaults_rhombus_5, dpeg_vaults_monster_box,
          nicolae_vaults_specimen_jars, layout_vaults_big_room, uniq_saint_roka
Vaults:2: hangedman_vaults_capsules, minmay_crypt_entry_necro_gods, v_misc_8,
          vaults_mumra_minichess, v_pattern_4, layout_vaults_omnigrid,
          serial_shops, nicolae_shop_bloodbath_and_beyond
Vaults:3: gammafunk_ghost_ooze, v_misc_15, v_misc_18, vaults_room_large_hall,
          hangedman_vaults_pinch, v_misc_25, nicolae_vaults_theta,
          v_alt_pattern_3, v_misc_19, ontoclasm_vaults_decontamination,
          grunt_vaults_trifunnel, nicolae_vaults_big_angled_halls,
          layout_vaults_omnicross, serial_shops, uniq_mennas, uniq_mara,
          uniq_sojobo
Vaults:4: advil_vaults_ghost_guards, hangedman_vaults_restitches,
          nicolae_vaults_little_ls, nicolae_vaults_network_s,
          ontoclasm_vaults_ring_square, ontoclasm_vaults_shuriken, v_misc_18,
          v_misc_17, nicolae_vaults_big_ls, v_misc_29, vaults_room_pools,
          hangedman_vaults_restitches, layout_vaults_ring, serial_shops,
          nicolae_shop_hallway_stairs, uniq_bai_suzhen
Crypt:1:  layout_catacombs, uniq_vv
Crypt:2:  layout_chaotic_city, uniq_margery
Crypt:3:  evilmike_haunted_forest
Depths:1: layout_gridlike, hangedman_decor_lopped, lightli_too_deep,
          minmay_misc_feat_encased, bh_walls_and_bars, grunt_megastairs_5
Depths:2: minmay_skeleton_keep, layout_cave_pools, hell_entry,
          nicolae_qazlal_general_emergency, pan_entry, kennysheep_crisscross,
          serial_sigils_hangedman_scar, minmay_shop_grove
Depths:3: kennysheep_big_flooded_room, layout_cave_pools, hell_entry,
          serial_shops, bzr_entry_safe, nzn_wu_jian_contemplation, abyss_entry,
          dispersion_dpeg, infiniplex_staircase_zigzag_1, uniq_parghit

Skill      XL: |  1  2  3  4  5  6  7  8  9 10 11 12 13 14 15 16 17 18 19 20 21 22 23 |
---------------+----------------------------------------------------------------------+-----
Maces & Flails | 3 4 5 6 7 8 10 11 13 15 16 | 16.0
Armour         | 1 2 3 9 10 11 12 13 14 15 16 17 18 19 | 19.0
Invocations    | 1 2 3 16 17 18 19 20 22 23 25 | 25.8
Fighting       | 4 5 6 7 8 9 10 12 13 14 15 17 18 19 20 | 20.1
Shields        | 1 5 7 9 10 11 12 13 14 15 | 15.0
Dodging        | 4 7 8 9 10 11 12 | 12.9
Evocations     | 1 3 |  3.7
Stealth        | |  1.7

Action                   |  1- 3 |  4- 6 |  7- 9 | 10-12 | 13-15 | 16-18 | 19-21 | 22-24 || total
-------------------------+-------+-------+-------+-------+-------+-------+-------+-------++-------
Melee: Mace              |   167 |    28 |       |       |       |       |       |       ||   195
       Tailslap          |     8 |    10 |    30 |   176 |   185 |   331 |   457 |   400 ||  1597
       Flail             |       |    25 |   167 |    92 |       |       |       |       ||   284
       Punch             |       |       |     2 |     6 |       |       |       |       ||     8
       Whip              |       |       |       |   507 |       |       |       |       ||   507
       Morningstar       |       |       |       |   328 |  1110 |  1632 |  1852 |  1514 ||  6436
Throw: Javelin           |       |       |     2 |       |     5 |       |       |       ||     7
       Dart              |       |       |       |    10 |    12 |   233 |       |       ||   255
Invok: Draw Destruction  |       |    12 |     3 |    23 |    54 |    45 |    55 |    14 ||   206
       Draw Summoning    |       |     1 |       |     5 |    13 |    22 |    18 |     7 ||    66
       Deal Four         |       |       |       |       |     6 |     3 |     9 |     1 ||    19
       Draw Escape       |       |       |       |       |     2 |     3 |     9 |     1 ||    15
Evoke: Wand              |       |       |       |    15 |    17 |    25 |    25 |     4 ||    86
       Piece from Xom's  |       |       |       |     2 |       |       |       |       ||     2
       Condenser vane    |       |       |       |       |     6 |     3 |     4 |     1 ||    14
       Box of beasts     |       |       |       |       |       |     3 |     3 |     1 ||     7
       Tin of tremorston |       |       |       |       |       |     2 |     9 |     3 ||    14
  Use: Potion            |     1 |       |     2 |     1 |     6 |     9 |    12 |       ||    31
       Scroll            |       |     3 |     2 |     7 |     6 |    19 |     5 |     4 ||    46
 Stab: Paralysed         |       |       |       |     1 |       |       |       |       ||     1
       Distracted        |       |       |       |     1 |     2 |     8 |     7 |       ||    18
       Confused          |       |       |       |       |     9 |       |     2 |       ||    11
       Petrified         |       |       |       |       |       |     1 |     2 |     8 ||    11
       Petrifying        |       |       |       |       |       |       |     1 |     1 ||     2
Armor: Chain mail        |   152 |    11 |       |     2 |   319 |    34 |       |   222 ||   740
       Plate armour      |       |    55 |   137 |   372 |   115 |   543 |   609 |   209 ||  2040
       Skin              |       |       |       |       |       |    18 |       |       ||    18
Dodge: Dodged            |    57 |    20 |    62 |   125 |   159 |   238 |   369 |   303 ||  1333
Block: Tower shield      |       |       |       |   843 |  1615 |  2084 |  2269 |  1761 ||  8572
       Buckler           |       |       |       |       |       |    14 |       |       ||    14

Table legend: (Time is in decaauts)
 A = Elapsed time spent in this place.
 B = Non-inter-level travel time spent in this place.
 C = Inter-level travel time spent in this place.
 D = Time resting spent in this place.
 E = Time spent auto-exploring this place.
 F = Levels seen in this place.
 G = Mean time per level.
                   A        B        C        D        E       F      G
               +--------+--------+--------+--------+--------+-----+--------+
         Total |  66908 |  60704 |   6204 |  12438 |  32461 |  46 | 1454.5 |
       Dungeon |  18844 |  16587 |   2257 |   2814 |   9855 |  15 | 1256.3 |
          Lair |   9475 |   8366 |   1109 |   2085 |   4563 |   5 | 1895.0 |
        Shoals |   4445 |   4302 |    143 |    695 |   2604 |   4 | 1111.2 |
   Spider Nest |   7059 |   6563 |    496 |   2125 |   3171 |   4 | 1764.8 |
  Orcish Mines |   4210 |   3589 |    621 |    884 |   1788 |   2 | 2105.0 |
   Elven Halls |   5045 |   4628 |    417 |   1309 |   1955 |   3 | 1681.7 |
        Vaults |   7200 |   6458 |    742 |    912 |   3766 |   4 | 1800.0 |
         Crypt |   5182 |   4907 |    275 |    749 |   2520 |   3 | 1727.3 |
        Depths |   2784 |   2643 |    141 |    105 |   1660 |   3 |  928.0 |
         Abyss |    460 |    460 |      0 |    170 |      0 |   1 |  460.0 |
      Ice Cave |   1187 |   1187 |      0 |    579 |    218 |   1 | 1187.0 |
        Wizlab |   1012 |   1012 |      0 |      5 |    360 |   1 | 1012.0 |
               +--------+--------+--------+--------+--------+-----+--------+

Top non-repeatable levels by time:
   Orc:2: 3488 daAuts
  Lair:2: 2741 daAuts
 Crypt:3: 2616 daAuts
Spider:4: 2117 daAuts
Vaults:2: 1995 daAuts
Vaults:3: 1985 daAuts
Spider:2: 1958 daAuts
   Elf:3: 1915 daAuts
  Lair:1: 1798 daAuts
   Elf:2: 1784 daAuts
  Lair:5: 1756 daAuts
  Lair:4: 1752 daAuts
     D:7: 1737 daAuts
Shoals:3: 1732 daAuts
Vaults:4: 1714 daAuts
